 Dungeon Crawl Stone Soup version 0.21.0 (webtiles) character file.

1582 Suckerboh the Grappler (level 8, -14/75 HPs)
             Began as a Troll Monk on Jan 7, 2018.
             Demolished by a troll (20 damage)
             ... on level 5 of the Dungeon.
             The game lasted 00:06:50 (3843 turns).

Suckerboh the Grappler (Troll Monk)                 Turns: 3843, Time: 00:06:50

Health: -14/75     AC:  7    Str: 17 (20) XL:     8   Next: 60%
Magic:  7/7        EV: 11    Int:  4 (6)  God:
Gold:   240        SH:  0    Dex: 12 (14) Spells: 7/7 levels left

rFire    . . .     SeeInvis .     - Unarmed
rCold    . . .     Gourm    +   (no shield)
rNeg     . . .     Faith    .   a - +0 robe
rPois    .         Spirit   .   (helmet restricted)
rElec    .         Reflect  .   w - +1 cloak
rCorr    .         Harm     .   (gloves unavailable)
MR       .....                  (boots unavailable)
Stlth    ++........             (no amulet)
HPRegen  0.62/turn              (no ring)
MPRegen  0.10/turn              (no ring)

@: flying
A: large, unfitting armour, claws 3, fast metabolism 3, gourmand, regeneration
1, shaggy fur 1, tough skin 2
a: no special abilities


You were on level 5 of the Dungeon.
You were not hungry.

You visited 2 branches of the dungeon, and saw 7 of its levels.

You collected 240 gold pieces.

Inventory:

Armour
 a - a +0 robe (worn)
 w - a +1 cloak (worn)
Jewellery
 m - a cursed -2 ring of intelligence {unknown}
 v - an uncursed amulet of the gourmand {unknown}
 x - an uncursed ring of flight {unknown}
Wands
 u - a wand of acid (9)
 y - a wand of iceblast (9)
 A - a wand of polymorph (8)
Scrolls
 c - 4 scrolls of identify {unknown}
 d - a scroll of fog {unknown}
 e - a scroll of immolation {unknown}
 f - 6 scrolls of teleportation {unknown}
 i - a scroll of enchant weapon {unknown}
 j - 3 scrolls of magic mapping {unknown}
 k - 2 scrolls of remove curse {unknown}
 l - 2 scrolls of enchant armour {unknown}
 o - a scroll of random uselessness {unknown}
 p - a scroll of amnesia {unknown}
 B - a scroll of brand weapon {unknown}
Potions
 g - 2 potions of flight
 h - a potion of lignification {unknown}
 n - 2 potions of degeneration
 q - a potion of might {unknown}
 r - 2 potions of curing {unknown}
 s - 2 potions of cancellation {unknown}
 t - 2 potions of mutation {unknown}
 z - a potion of brilliance {unknown}
Comestibles
 b - 12 rations


   Skills:
 + Level 3.2 Fighting
 + Level 4.0 Dodging
 - Level 1.0 Stealth
 * Level 10.2 Unarmed Combat


You had 7 spell levels left.
You didn't know any spells.

Dungeon Overview and Level Annotations

Branches:
Dungeon (6/15)             Temple (1/1) D:4

Altars:
Ashenzari
Cheibriados
Elyvilon
Gozag
Hepliaklqana
Makhleb
Nemelex Xobeh
Qazlal
Ru
Sif Muna
Wu Jian
Yredelemnul
Zin
The Shining One

Annotations:
D:6 Menkaure


Innate Abilities, Weirdness & Mutations

You are too large for most types of armour.
You have claws for hands.
Your metabolism is lightning-fast.
You like to eat raw meat.
Your natural rate of healing is unusually fast.
You are covered in fur. (AC +1)
You have very tough skin. (AC +2)


Message History

The troll bites you! The troll misses you.
The troll claws you but does no damage.
You scratch the troll but do no damage. The troll bites you.
The troll barely misses you. The troll claws you!
* * * LOW HITPOINT WARNING * * *
You completely miss the troll. The troll completely misses you.
The troll claws you.
* * * LOW HITPOINT WARNING * * *
The troll claws you but does no damage.
It was a potion of flight.
You feel very buoyant.
You fly up into the air.
The troll barely misses you. The troll claws you.
* * * LOW HITPOINT WARNING * * *
The troll claws you.
* * * LOW HITPOINT WARNING * * *
It was a potion of degeneration.
There was something very wrong with that liquid.
You feel weakened.
You feel dopey.
You feel clumsy. The troll bites you!!
You die...

...#..#
..[.#.######
.......##..##
..).##.##...##
..[.[........##
...[..........##
.......#.......###
......##.........##
......###......T@.#
.....## ##......###
>...## ####...<#
....# ###..# ...##
#### ..## ..# .##
##


You could see a troll.

Vanquished Creatures
  Grinder (D:3)
  The ghost of Tovarisch the Archer, an amateur CeHu (D:5)
  Sigmund (D:5)
  4 ogres
  A phantom (D:6)
  A centaur (D:5)
  A scorpion (D:4)
  A jelly (D:5)
  An orc priest (D:3)
  A bullfrog skeleton (D:6)
  2 iguanas (D:5)
  Natasha (D:4)
  2 worker ants
  2 worker ant zombies (D:5)
  6 gnolls
  7 adders
  A worm (D:2)
  A dart slug (D:3)
  3 leopard geckos
  13 orcs
  9 giant cockroaches
  6 goblins
  11 hobgoblins
  9 jackals
  A quokka (D:5)
  10 bats
  4 frilled lizards
  7 kobolds
  A quokka skeleton (D:4)
  6 rats
115 creatures vanquished.

Vanquished Creatures (others)
  A quokka (D:3)
1 creature vanquished.

Grand Total: 116 creatures vanquished

Notes
Turn   | Place    | Note
-------+----------+-------------------------------------------
     0 | D:1      | Suckerboh the Troll Monk began the quest for the Orb.
     0 | D:1      | Reached XP level 1. HP: 22/22 MP: 0/0
   101 | D:1      | Reached XP level 2. HP: 27/29 MP: 1/1
   310 | D:1      | Reached XP level 3. HP: 36/36 MP: 2/2
   542 | D:2      | Reached skill level 4 in Unarmed Combat
   722 | D:2      | Reached XP level 4. HP: 44/44 MP: 3/3
   984 | D:2      | Found a burning altar of Makhleb.
   986 | D:2      | Noticed a cacodemon
  1236 | D:3      | Found a glowing silver altar of Zin.
  1294 | D:3      | Found a white marble altar of Elyvilon.
  1295 | D:3      | Reached skill level 5 in Unarmed Combat
  1406 | D:3      | Found a faded altar of an unknown god.
  1415 | D:3      | Reached XP level 5. HP: 52/52 MP: 4/4
  1623 | D:3      | Noticed Grinder
  1659 | D:3      | Killed Grinder
  1659 | D:3      | Reached skill level 6 in Unarmed Combat
  1659 | D:3      | Reached XP level 6. HP: 36/59 MP: 5/5
  1827 | D:3      | Found a stormy altar of Qazlal.
  2032 | D:4      | Reached skill level 7 in Unarmed Combat
  2280 | D:4      | Noticed Natasha
  2285 | D:4      | Killed Natasha
  2298 | D:4      | Found a staircase to the Ecumenical Temple.
  2309 | Temple   | Entered the Ecumenical Temple
  2688 | D:5      | Entered Level 5 of the Dungeon
  2703 | D:5      | Reached XP level 7. HP: 66/66 MP: 6/6
  2771 | D:5      | Noticed Sigmund
  2790 | D:5      | Killed Sigmund
  2790 | D:5      | Reached skill level 8 in Unarmed Combat
  3012 | D:5      | Noticed Tovarisch's ghost (amateur CeHu)
  3023 | D:5      | Reached XP level 8. HP: 49/75 MP: 7/7
  3037 | D:5      | Killed Tovarisch's ghost
  3037 | D:5      | Reached skill level 9 in Unarmed Combat
  3686 | D:6      | Reached skill level 10 in Unarmed Combat
  3779 | D:6      | Noticed Menkaure
  3782 | D:6      | Noticed a troll
  3843 | D:5      | Demolished by a troll

Skill      XL: |  1  2  3  4  5  6  7  8 |
---------------+-------------------------+-----
Unarmed Combat | 4 5 6 7 8 10 | 10.2
Dodging        | 3 4 |  4.0
Fighting       | 3 |  3.2
Stealth        | |  1.0

Action                   |  1- 3 |  4- 6 |  7- 9 || total
-------------------------+-------+-------+-------++-------
Melee: Unarmed           |    97 |   112 |    97 ||   306
       Punch             |     2 |     4 |     8 ||    14
  Use: Potion            |       |       |     2 ||     2
 Stab: Sleeping          |       |     2 |       ||     2
  Eat: Chunk             |    12 |    15 |     9 ||    36
Armor: Robe              |    44 |    30 |    13 ||    87
Dodge: Dodged            |    48 |    56 |    48 ||   152
